 Dungeon Crawl Stone Soup version 0.19-a0-816-geccf914 (webtiles) character file.

13209 Gottschkopf the Destroyer (level 11, -18/54 HPs)
             Began as a Deep Elf Conjurer on June 28, 2016.
             Was an Elder of Vehumet.
             Blown up by a spellforged servitor (72 damage)
             ... with an orb of destruction
             ... summoned by the player character
             ... on level 12 of the Dungeon on June 29, 2016.
             The game lasted 00:49:25 (12264 turns).

Gottschkopf the Destroyer (Deep Elf Conjurer)      Turns: 12264, Time: 00:49:26

Health: -18/54     AC: 13    Str:  5    XL:     11   Next: 72%
Magic:  1/28       EV: 18    Int: 24    God:    Vehumet [****..]
Gold:   715        SH:  0    Dex: 15    Spells: 7 memorised, 2 levels left

rFire  + . .     SeeInvis .     A - staff of fire
rCold  + . .     Gourm    .     y - +0 robe
rNeg   . . .     Faith    .     (no shield)
rPois  .         Spirit   .     w - +2 helmet
rElec  .         Dismiss  .     (no cloak)
rCorr  .         Reflect  .     W - +2 pair of gloves
SustAt .         Harm     .     G - +2 pair of boots
MR     +....                    q - amulet of rage
Stlth  ++........               (no ring)
                                B - ring of protection from cold

@: very slightly contaminated, somewhat resistant to hostile enchantments,
unstealthy
A: thin metallic scales 1
a: Renounce Religion, Evoke Berserk Rage


You were on level 12 of the Dungeon.
You worshipped Vehumet.
Vehumet was greatly pleased with you.
You were hungry.

You visited 2 branches of the dungeon, and saw 13 of its levels.

You collected 715 gold pieces.

Inventory:

Hand Weapons
 b - a +2 hunting sling of velocity
 P - the +4 Vampire's Tooth {vamp}
   (You found it on level 6 of the Dungeon)

   It inflicts no extra harm, but heals its wielder somewhat when it strikes a
   living foe.
Missiles
 T - 22 sling bullets (quivered)
Armour
 w - a +2 helmet (worn)
 y - a +0 robe (worn)
 G - a +2 pair of boots (worn)
 W - a +2 pair of gloves (worn)
Magical Staves
 A - an uncursed staff of fire (weapon)
 M - an uncursed staff of cold
Jewellery
 q - an amulet of rage (around neck)
 B - a ring of protection from cold (left hand)
 C - an uncursed ring of fire
 H - an uncursed ring of flight
Wands
 m - a wand of confusion (13/48)
 s - a wand of teleportation (3/9)
 t - a wand of teleportation (1/9)
 U - a wand of digging (9/24)
Scrolls
 g - 2 scrolls of immolation
 n - 2 scrolls of fear
 o - 3 scrolls of remove curse
 r - 2 scrolls of magic mapping
 v - 2 scrolls of enchant armour
 z - 3 scrolls of teleportation
 D - 3 scrolls of recharging
 L - 2 scrolls of vulnerability
 O - 2 scrolls of enchant weapon
 Y - a scroll of identify
Potions
 e - 4 potions of curing
 h - 6 potions of agility
 i - 2 potions of haste
 p - a potion of heal wounds
 x - 3 potions of cancellation
 E - 2 potions of lignification
 K - 2 potions of berserk rage
 N - a potion of magic
 S - a potion of resistance
 V - a potion of brilliance
 X - a potion of ambrosia
 Z - a potion of flight
Books
 d - a book of Unlife

   Spells                             Type                      Level
   a - Recall                         Summoning/Translocation      3
   b - Animate Dead                   Necromancy                   4
   c - Control Undead                 Necromancy                   4
   d - Cigotuvi's Embrace             Necromancy                   5
   e - Death Channel                  Necromancy                   6
   f - Simulacrum                     Ice/Necromancy               6
 u - a book of Conjurations

   Spells                             Type                      Level
   a - Magic Dart                     Conjuration                  1
   b - Searing Ray                    Conjuration                  2
   c - Dazzling Spray                 Conjuration/Hexes            3
   d - Fulminant Prism                Conjuration/Hexes            4
   e - Iskenderun's Mystic Blast      Conjuration                  4
   f - Iskenderun's Battlesphere      Conjuration/Charms           5
 J - a book of Power

   Spells                             Type                      Level
   a - Fulminant Prism                Conjuration/Hexes            4
   b - Iskenderun's Mystic Blast      Conjuration                  4
   c - Venom Bolt                     Conjuration/Poison           5
   d - Bolt of Magma                  Conjuration/Fire/Earth       5
   e - Iron Shot                      Conjuration/Earth            6
   f - Orb of Destruction             Conjuration                  7
   g - Spellforged Servitor           Conjuration/Summoning        7
 R - a book of Frost

   Spells                             Type                      Level
   a - Freeze                         Ice                          1
   b - Throw Frost                    Conjuration/Ice              2
   c - Ozocubu's Armour               Charms/Ice                   3
   d - Throw Icicle                   Conjuration/Ice              4
   e - Summon Ice Beast               Ice/Summoning                4
Comestibles
 a - 8 chunks of flesh
 c - 5 bread rations
 f - 6 fruits
 j - 11 royal jellies
 k - 2 beef jerkies
 Q - a slice of pizza


   Skills:
 - Level 8.6 Dodging
 - Level 2.4 Stealth
 + Level 11.2 Spellcasting
 - Level 12.0 Conjurations
 - Level 4.1 Charms
 - Level 10.2 Summonings
 - Level 6.8 Evocations


You had 2 spell levels left.
You knew the following spells:

 Your Spells              Type           Power        Failure   Level  Hunger
a - Magic Dart            Conj           ####         1%          1    None
b - Searing Ray           Conj           ######       1%          2    None
c - Iskenderun's Mystic   Conj           ######..     1%          4    None
d - Fulminant Prism       Conj/Hex       #####.....   1%          4    None
e - Iskenderun's Battles  Conj/Chrm      ######..     1%          5    ####...
f - Orb of Destruction    Conj           ######....   10%         7    #######
g - Spellforged Servitor  Conj/Summ      ######....   16%         7    #######


Dungeon Overview and Level Annotations

Branches:
Dungeon (12/15)            Temple (1/1) D:7            Lair (0/6) D:11
    Orc (0/2) D:12

Altars:
Cheibriados
Dithmenos
Elyvilon
Fedhas
Gozag
Kikubaaqudgha
Nemelex Xobeh
Pakellas
Ru
Sif Muna
Trog
Uskayaw
Vehumet
Xom
Yredelemnul
Zin
The Shining One

Shops:
D:10 (

Annotations:
D:7 4 runed doors


Innate Abilities, Weirdness & Mutations

You are partially covered in thin metallic scales. (AC +2)


Message History

Confirm with . or Enter, or press ? or * to list all spells.
Aiming: Magic Dart
Press: ? - help, Shift-Dir - straight line, f - slime creature
Aim: a slime creature The magic dart hits the slime creature.
The slime creature is lightly wounded.
Your spellforged servitor conjures a glowing orb.
Casting: Magic Dart
Confirm with . or Enter, or press ? or * to list all spells.
You don't have enough magic to cast that spell.
Casting: Magic Dart
Confirm with . or Enter, or press ? or * to list all spells.
You don't have enough magic to cast that spell.
Your orb of destruction hits a rock wall.
The rock wall explodes into countless fragments.
Your spellforged servitor conjures a glowing orb.
Your spellforged servitor conjures an orb of pure magic.
The orb of destruction hits you!
Ouch! That really hurt!
You die...

..#........#
###........##
..........#######
......%..#.#.....#
...........#.....#
..........#.....#
.#........#))...#
.........#(....#
.........)..§@.#
.......(.#)§...#
......(....§.J.#
.[.......#.§)..#
.####....+.§...#
#....#..§*.#
#......)§8.#
#(....)§...#
.....#)#####


You could see a slime creature and a friendly spellforged servitor.

Vanquished Creatures
  Erolcha (D:8)
  An unseen horror (D:11)
  2 hill giants (D:10)
  An ugly thing (D:11)
  A manticore (D:11)
  Joseph (D:8)
  A kobold demonologist (D:12)
  A troll (D:12)
  A vampire (D:11)
  2 wraiths
  6 yaks
  A hungry ghost (D:11)
  A steam dragon (D:9)
  5 hippogriffs
  A soldier ant (D:10)
  2 water moccasins (D:8)
  4 orc warriors
  A sky beast (D:9)
  3 ice beasts
  3 black bears
  6 ogres
  3 phantoms
  3 necrophages
  2 centaurs
  A crocodile (D:11)
  2 big kobolds
  4 giant frogs
  A wyvern skeleton (D:8)
  5 scorpions
  A water moccasin skeleton (D:9)
  19 killer bees
  3 wights (D:11)
  2 howler monkeys
  2 vampire bats (D:6)
  5 crimson imps
  2 centaur zombies
  A giant frog zombie (D:5)
  A quasit (D:8)
  6 hounds
  3 jellies (D:8)
  A giant frog skeleton (D:5)
  2 orc wizards (D:12)
  4 orc priests
  A centaur skeleton (D:9)
  A gnoll shaman (D:6)
  Natasha (thrice) (D:4)
  2 iguanas
  9 worker ants
  3 hound zombies
  A hound skeleton (D:6)
  A howler monkey zombie (D:5)
  A worker ant zombie (D:5)
  11 adders
  7 gnolls
  6 river rats (D:11)
  2 shadow imps (D:7)
  6 oozes
  An adder zombie (D:8)
  2 adder skeletons (D:8)
  A dart slug (D:1)
  4 giant geckos
  30 orcs
  2 ball pythons
  6 giant cockroaches
  2 gnoll zombies (D:5)
  6 goblins
  5 hobgoblins
  15 jackals
  16 kobolds
  5 quokkas
  20 bats
  6 giant newts
  2 quokka skeletons (D:5)
  14 rats
  A fungus (D:11)
310 creatures vanquished.

Vanquished Creatures (collateral kills)
  A death knight (D:12)
  An ugly thing (D:12)
  A slime creature (D:12)
  An orc warrior (D:12)
  An ogre (D:11)
  2 big kobolds (D:12)
  A jelly (D:12)
  An orc priest (D:12)
  6 orcs (D:12)
  A kobold (D:12)
16 creatures vanquished.

Vanquished Creatures (others)
  5 fulminant prisms
  2 fungi (D:11)
  A plant (D:11)
8 creatures vanquished.

Grand Total: 334 creatures vanquished

Notes
Turn   | Place    | Note
--------------------------------------------------------------
     0 | D:1      | Gottschkopf the Deep Elf Conjurer began the quest for the Orb.
     0 | D:1      | Reached XP level 1. HP: 10/10 MP: 6/6
   132 | D:1      | Reached XP level 2. HP: 15/15 MP: 3/9
   822 | D:2      | Found a blossoming altar of Fedhas.
   951 | D:2      | Reached XP level 3. HP: 19/19 MP: 8/11
   955 | D:2      | Learned a level 2 spell: Searing Ray
  1161 | D:2      | Reached skill level 5 in Spellcasting
  1209 | D:2      | Found a shadowy altar of Dithmenos.
  1322 | D:2      | Found a sacrificial altar of Ru.
  1649 | D:3      | Reached XP level 4. HP: 24/24 MP: 11/13
  2166 | D:3      | Reached XP level 5. HP: 28/28 MP: 14/16
  2325 | D:4      | Noticed a phantom
  2325 | D:4      | Noticed a black bear
  2360 | D:4      | Killed a phantom
  2430 | D:4      | Learned a level 4 spell: Iskenderun's Mystic Blast
  2435 | D:4      | Learned a level 4 spell: Fulminant Prism
  2441 | D:4      | Learned a level 5 spell: Iskenderun's Battlesphere
  2490 | D:4      | Reached skill level 1 in Charms
  2627 | D:4      | Reached XP level 6. HP: 32/32 MP: 16/19
  3085 | D:4      | Noticed Natasha
  3089 | D:4      | Killed Natasha
  3198 | D:4      | Noticed Natasha
  3202 | D:4      | Killed Natasha
  3250 | D:4      | Found an ancient bone altar of Kikubaaqudgha.
  3304 | D:4      | Reached skill level 5 in Conjurations
  3518 | D:4      | Noticed Natasha
  3522 | D:4      | Killed Natasha
  3628 | D:4      | Reached skill level 6 in Conjurations
  3628 | D:4      | Reached XP level 7. HP: 36/36 MP: 12/20
  3721 | D:5      | Entered Level 5 of the Dungeon
  3833 | D:5      | Reached skill level 7 in Conjurations
  3921 | D:5      | Found a sparkling altar of Nemelex Xobeh.
  4137 | D:5      | Learned a level 7 spell: Spellforged Servitor
  4214 | D:5      | Found a basalt altar of Yredelemnul.
  4289 | D:5      | Reached skill level 1 in Summonings
  4296 | D:5      | Reached XP level 8. HP: 41/41 MP: 2/23
  4546 | D:5      | Got a brightly glowing hand axe
  4640 | D:5      | Upgraded the game from 0.19-a0-811-gf4045fb to 0.19-a0-816-geccf914
  4685 | D:6      | Got a pair of pitted gloves
  4747 | D:6      | Found a glowing golden altar of the Shining One.
  4828 | D:6      | Identified the +1 pair of gloves of Taejisui {+Blink rCorr Int-3 Dex+5} (You found it on level 6 of the Dungeon)
  4941 | D:6      | Reached skill level 5 in Summonings
  5662 | D:7      | Found a deep blue altar of Sif Muna.
  5677 | D:7      | Found a huge runed gate.
  5677 | D:7      | Noticed a polar bear
  5678 | D:7      | Found a huge runed gate.
  5678 | D:7      | Found a huge runed gate.
  5678 | D:7      | Found a huge runed gate.
  5680 | D:7      | Noticed a polar bear
  5680 | D:7      | Noticed a polar bear
  5681 | D:7      | Noticed a polar bear
  5681 | D:7      | Reached skill level 10 in Spellcasting
  5682 | D:7      | Noticed a griffon
  5689 | D:7      | Noticed a polar bear
  5929 | D:7      | Reached XP level 9. HP: 45/45 MP: 20/26
  6375 | D:7      | Found a staircase to the Ecumenical Temple.
  6381 | Temple   | Entered the Ecumenical Temple
  6432 | Temple   | Became a worshipper of Vehumet
  6518 | D:8      | Noticed Joseph
  6523 | D:8      | Killed Joseph
  6523 | D:8      | Reached skill level 8 in Conjurations
  6639 | D:8      | Learned a level 2 spell: Searing Ray
  6700 | D:8      | Noticed Erolcha
  6707 | D:8      | Killed Erolcha
  6707 | D:8      | Reached skill level 10 in Conjurations
  6716 | D:8      | Learned a level 7 spell: Orb of Destruction
  7063 | D:8      | Reached * piety under Vehumet
  7063 | D:8      | Offered knowledge of Sting by Vehumet.
  7355 | D:8      | Reached XP level 10. HP: 50/50 MP: 15/27
  7927 | D:9      | Reached skill level 5 in Dodging
  8124 | D:9      | Reached ** piety under Vehumet
  8127 | D:9      | Offered knowledge of Throw Flame by Vehumet.
  8383 | D:9      | Gained mutation: Your magical capacity is low. (-10% MP) [potion of mutation]
  8383 | D:9      | Gained mutation: Your body sometimes deteriorates upon taking damage. [potion of mutation]
  8383 | D:9      | Gained mutation: You are partially covered in thin metallic scales. (AC +2) [potion of mutation]
  8384 | D:9      | Gained mutation: You are clumsy. (Dex -2) [potion of mutation]
  8384 | D:9      | Gained mutation: Scrolls take you a little longer to read. [potion of mutation]
  8384 | D:9      | Gained mutation: You are very clumsy. (Dex -4) [potion of mutation]
  8738 | D:9      | Lost mutation: Scrolls take you a little longer to read. [mutagenic meat]
  8741 | D:9      | Lost mutation: You are very clumsy. (Dex -4) [mutagenic meat]
  8744 | D:9      | Gained mutation: Your body often deteriorates upon taking damage. [mutagenic meat]
  9141 | D:10     | Entered Level 10 of the Dungeon
  9589 | D:10     | Offered knowledge of Inner Flame by Vehumet.
  9693 | D:10     | Found Ulohec's Antique Weapon Emporium.
  9726 | D:10     | Noticed a hill giant
  9732 | D:10     | Killed a hill giant
  9732 | D:10     | Reached skill level 10 in Summonings
  9750 | D:10     | Noticed a hill giant
  9787 | D:10     | Killed a hill giant
  9787 | D:10     | Reached XP level 11. HP: 43/54 MP: 0/25
  9830 | D:10     | Reached skill level 11 in Conjurations
 10442 | D:11     | Reached *** piety under Vehumet
 10459 | D:11     | Lost mutation: Your magical capacity is low. (-10% MP) [potion of cure mutation]
 10459 | D:11     | Lost mutation: You are clumsy. (Dex -2) [potion of cure mutation]
 10459 | D:11     | Lost mutation: Your body often deteriorates upon taking damage. [potion of cure mutation]
 10459 | D:11     | Lost mutation: Your body sometimes deteriorates upon taking damage. [potion of cure mutation]
 10620 | D:11     | Offered knowledge of Mephitic Cloud by Vehumet.
 10810 | D:11     | Reached skill level 12 in Conjurations
 10917 | D:11     | Noticed a purple ugly thing
 10920 | D:11     | Killed a purple ugly thing
 11026 | D:11     | Reached skill level 1 in Evocations
 11371 | D:11     | Killed an unseen horror
 11528 | D:11     | Found a staircase to the Lair.
 11745 | D:11     | Reached **** piety under Vehumet
 11919 | D:12     | Noticed a death knight
 11927 | D:12     | Killed a death knight
 11927 | D:12     | Reached skill level 5 in Evocations
 11930 | D:12     | Offered knowledge of Static Discharge by Vehumet.
 12099 | D:12     | Noticed a cyan ugly thing
 12105 | D:12     | Killed a cyan ugly thing
 12224 | D:12     | Found a staircase to the Orcish Mines.
 12264 | D:12     | Blown up by a spellforged servitor

Vault maps used:
D:1:      minmay_arrival_diagonal_passages
D:2:      marbit_many_paths, grunt_dithmenos_smoke, fedhas_altar_2
D:4:      kiku_gazebo_garden_becter, st_stairs_6, minmay_misc_feat_chi,
          minmay_small_thing, uniq_natasha
D:5:      lemuel_zombie_altar_yredelemnul, basic_altar, first_bread
D:6:      tso_metal_star, minmay_guarded_unrand_vampires_tooth
D:7:      lemuel_bear_cage, basic_altar
D:8:      hangedman_little_slice_of_home, uniq_erolcha, uniq_joseph
D:10:     serial_shops, shop, minmay_strange_pillars
D:11:     grunt_lair_entry_orc_guard_hut
D:12:     hiddenorc2_lemuel, serial_shops, shop
Temple:   nicolae_temple_elliptical

Skill      XL: |  1  2  3  4  5  6  7  8  9 10 11 |
---------------+----------------------------------+-----
Spellcasting   | 4 5 7 8 9 11 | 11.2
Charms         | 2 4 |  4.1
Conjurations   | 6 7 10 12 | 12.0
Summonings     | 2 5 7 10 | 10.2
Dodging        | 8 |  8.6
Evocations     | 6 |  6.8
Stealth        | |  2.4

Action                   |  1- 3 |  4- 6 |  7- 9 | 10-12 || total
-------------------------+-------+-------+-------+-------++-------
Melee: Unarmed           |     3 |       |       |       ||     3
       Short sword       |       |     1 |    10 |       ||    11
       Dagger            |       |       |    11 |       ||    11
       Staff             |       |       |       |     8 ||     8
 Cast: Magic Dart        |    69 |    71 |   224 |   300 ||   664
       Searing Ray       |       |     6 |    10 |     8 ||    24
       Iskenderun's Myst |       |     5 |    12 |    25 ||    42
       Iskenderun's Batt |       |     1 |    16 |    33 ||    50
       Fulminant Prism   |       |       |       |     5 ||     5
       Spellforged Servi |       |       |       |     4 ||     4
       Orb of Destructio |       |       |       |     3 ||     3
  Use: Scroll            |       |       |    20 |     3 ||    23
       Potion            |       |       |       |    12 ||    12
 Stab: Sleeping          |       |     1 |     1 |       ||     2
  Eat: Chunk             |     2 |     6 |     5 |    12 ||    25
       Meat ration       |       |       |     3 |     1 ||     4
       Bread ration      |       |       |       |     2 ||     2
Armor: Robe              |     1 |     7 |    29 |    55 ||    92
Dodge: Dodged            |     8 |    13 |    54 |   137 ||   212
